 Dungeon Crawl Stone Soup version 0.28.0-53-g5a82cb258f (webtiles) character file.

Game seed: 11625914949542608602

524107 Sin92 the Phalangite (level 24, -20/182 (193) HPs)
             Began as a Demonspawn Fighter on July 20, 2022.
             Was the Champion of Okawaru.
             Killed from afar by an ancient lich (102 damage)
             ... with a crystal spear
             ... while paralysed by a sphinx
             ... on level 5 of the Vaults on July 23, 2022.
             The game lasted 02:22:02 (43820 turns).

Sin92 the Phalangite (Demonspawn Fighter)          Turns: 43820, Time: 02:22:02

HP:   -20/182 (193) AC: 50    Str: 25    XL:     24   Next: 20%
MP:   0/32          EV:  2    Int: 20    God:    Okawaru [******]
Gold: 1923          SH:  0    Dex: 15    Spells: 29/35 levels left

rFire   + . .      SeeInvis +   R - +8 demon trident "Rift" {distort, reach+}
rCold   + + .      Faith    .   F - +3 tower shield {rC+}
rNeg    . . .      Spirit   +   l - +8 crystal plate armour of the Ward {+Inv rC+ Regen+}
rPois   +          Reflect  +   (helmet unavailable)
rElec   .          Harm     .   V - +2 cloak of Autumn {Will- Regen+ Stlth+}
rCorr   .          Rampage  .   c - +1 pair of gloves of Repulsion {Regen+ SInv}
Will    .....                   P - +2 pair of boots {Stlth+}
Stlth   ..........              s - amulet "Otulafeg" {Reflect rPois Regen+ Int+5 SH+5}
HPRegen 3.60/turn               J - +4 ring of protection
MPRegen 0.46/turn               o - ring "Qoraryr" {rF+ Int+4 SInv}

@: paralysed, marked, studying Shields, drained
A: antennae 3, spiny 3, magic shield, magic regeneration, magic link, sharp
scales 3, bedeviling
}: 3/15 runes: decaying, abyssal, gossamer
a: Renounce Religion, Evoke Invisibility, Heroism, Finesse, Duel


You were on level 5 of the Vaults.
You worshipped Okawaru.
Okawaru was exalted by your worship.
You visited 8 branches of the dungeon, and saw 39 of its levels.
You visited the Abyss 4 times.
You also visited: Sewer, Ossuary, Gauntlet and Ice Cave.

You collected 4987 gold pieces.
You spent 3064 gold pieces at shops.

Inventory:

Hand Weapons
 D - a +9 demon trident of electrocution
 R - the +8 demon trident "Rift" (weapon) {distort, reach+}
   (Okawaru gifted it to you on level 2 of the Lair of Beasts)

   It warps and distorts space around it, and may blink, banish, or inflict
   extra damage upon those it strikes.
   Unwielding it can cause banishment or high damage.
   It can reach especially far, and its reaching attacks ignore other creatures
   in the way.
 T - the +5 demon trident of Sophism {vamp, rN+ Dex+4}
   (Okawaru gifted it to you in an ice cave)

   It occasionally heals its wielder for a portion of the damage dealt when it
   wounds a living foe.
   Dex:       It affects your dexterity (+4).
   rN:        It protects you from negative energy.
Armour
 c - the +1 pair of gloves of Repulsion (worn) {Regen+ SInv}
   (Okawaru gifted it to you on level 2 of the Vaults)

   SInv:      It lets you see invisible.
   Regen:     It increases your rate of health regeneration.
 l - the +8 crystal plate armour of the Ward (worn) {+Inv rC+ Regen+}
   (You acquired it on level 2 of the Vaults)

   rC:        It protects you from cold.
   +Inv:      It lets you turn invisible.
   Regen:     It increases your rate of health regeneration.
 q - the +2 cloak of Bitterness {Harm rElec}
   (You found it on level 2 of the Vaults)

   rElec:     It insulates you from electricity.
   Harm:      It increases damage dealt and taken.
 t - a +1 cloak of poison resistance
 x - the +2 pair of gloves "Weqiel" {rElec rPois Int+3}
   (Okawaru gifted it to you on level 2 of the Spider Nest)

   Int:       It affects your intelligence (+3).
   rElec:     It insulates you from electricity.
   rPois:     It protects you from poison.
 y - the +1 pair of gloves of Okawaru's Favour {rF+ Slay+2}
   (Okawaru gifted it to you on level 3 of the Vaults)

   Slay:      It affects your accuracy & damage with ranged weapons and melee
   (+2).
   rF:        It protects you from fire.
 E - the +4 chain mail of Egreges {rF+ Stlth+}
   (You found it on level 2 of the Swamp)

   rF:        It protects you from fire.
   Stlth:     It makes you more stealthy.
 F - a +3 tower shield of cold resistance (worn)
 G - a +2 hat
 O - +3 storm dragon scales {Bai Suzhen}
 P - a +2 pair of boots of stealth (worn)
 S - a +1 hat of willpower
 V - the +2 cloak of Autumn (worn) {Will- Regen+ Stlth+}
   (Okawaru gifted it to you on level 3 of the Lair of Beasts)

   Regen:     It increases your rate of health regeneration.
   Will:      It decreases your willpower.
   Stlth:     It makes you more stealthy.
Jewellery
 a - a ring of magical power
 b - a ring of protection from cold
 i - a ring of flight
 o - the ring "Qoraryr" (right hand) {rF+ Int+4 SInv}
   (You found it on level 4 of the Dungeon)

   [ring of see invisible]

   Int:       It affects your intelligence (+4).
   rF:        It protects you from fire.
   SInv:      It lets you see invisible.
 s - the amulet "Otulafeg" (around neck) {Reflect rPois Regen+ Int+5 SH+5}
   (You found it on level 2 of the Vaults)

   [amulet of reflection]

   It reflects blocked missile attacks.
   Int:       It affects your intelligence (+5).
   rPois:     It protects you from poison.
   Regen:     It increases your rate of health regeneration.
   SH:        It affects your SH (+5).
 w - a ring of resist corrosion
 z - a ring of poison resistance
 H - an amulet of regeneration
 I - a ring of magical power
 J - a +4 ring of protection (left hand)
 Y - the ring "Lereucea" {rCorr EV+4}
   (You bought it in a shop on level 2 of the Depths)

   [ring of evasion]

   EV:        It affects your evasion (+4).
   rCorr:     It protects you from acid and corrosion.
 Z - a ring of fire
Wands
 n - a wand of digging (7)
 p - a wand of acid (7)
 A - a wand of flame (13)
 Q - a wand of iceblast (5)
Scrolls
 e - a scroll of enchant weapon
 g - 3 scrolls of amnesia
 h - 6 scrolls of magic mapping
 k - 2 scrolls of fear
 r - 2 scrolls of fog
 C - 3 scrolls of teleportation
 N - a scroll of silence
Potions
 d - 2 potions of resistance
 f - 9 potions of flight
 j - 2 potions of heal wounds
 m - 4 potions of magic
 u - 5 potions of curing
 v - 2 potions of might
 B - 4 potions of berserk rage
 K - 6 potions of mutation
 L - 2 potions of cancellation
 M - 3 potions of invisibility
 U - 10 potions of ambrosia
 W - 2 potions of haste
 X - a potion of brilliance


   Skills:
 + Level 16.8 Fighting
 + Level 21.4 Polearms
 * Level 16.9 Armour
 - Level 15.0 Dodging
 - Level 11.6 Stealth
 + Level 15.5 Shields
 + Level 6.1 Spellcasting
 + Level 6.2 Hexes
 + Level 6.0 Translocations
 - Level 10.2 Invocations


You had 29 spell levels left.
You knew the following spells:

 Your Spells              Type           Power      Damage    Failure   Level
a - Blink                 Tloc           60%        N/A       67%         2
b - Cause Fear            Hex            23%        N/A       99%         4

Your spell library contained the following spells:

 Spells                   Type           Power      Damage    Failure   Level
 Apportation              Tloc           60%        N/A       52%         1
 Lesser Beckoning         Tloc           30%        N/A       88%         3
 Inner Flame              Hex/Fire       28%        N/A       99%         3
 Passage of Golubria      Tloc           30%        N/A       99%         4
 Foxfire                  Conj/Fire      24%        2x1d5     100%        1
 Magic Dart               Conj           24%        1d4       100%        1
 Pain                     Necr           24%        1d5       100%        1
 Corpse Rot               Necr/Air       12%        N/A       100%        2
 Poisonous Vapours        Pois/Air       12%        N/A       100%        2
 Sublimation of Blood     Necr           6%         N/A       100%        2
 Wereblood                Tmut           6%         N/A       100%        2
 Conjure Flame            Conj/Fire      6%         6-21      100%        3
 Mephitic Cloud           Conj/Pois/Air  6%         N/A       100%        3
 Vampiric Draining        Necr           6%         2d6       100%        3
 Anguish                  Hex/Necr       14%        N/A       100%        4
 Dispel Undead            Necr           6%         3d8       100%        4
 Flame Wave               Conj/Fire      6%         2d5       100%        4
 Ice Form                 Ice/Tmut       6%         N/A       100%        4
 Olgreb's Toxic Radiance  Pois           6%         N/A       100%        4
 Petrify                  Tmut/Erth      6%         N/A       100%        4
 Agony                    Necr           6%         N/A       100%        5
 Alistair's Intoxication  Tmut/Pois      4%         N/A       100%        5
 Borgnjor's Vile Clutch   Necr/Erth      3%         N/A       100%        5
 Excruciating Wounds      Necr           3%         N/A       100%        5
 Irradiate                Conj/Tmut      3%         3d14      100%        5
 Manifold Assault         Tloc           30%        N/A       100%        5
 Silence                  Hex/Air        14%        N/A       100%        5
 Conjure Ball Lightning   Conj/Air       3%         3x3d6     100%        6
 Eringya's Noxious Bog    Tmut/Pois      3%         N/A       100%        6
 Iron Shot                Conj/Erth      3%         9d2       100%        6
 Starburst                Conj/Fire      3%         6d3       100%        6
 Dragon Form              Tmut           3%         N/A       100%        7
 Ozocubu's Refrigeration  Ice            3%         4d5       100%        7
 Discord                  Hex            23%        N/A       100%        8
 Ignition                 Fire           3%         3d4       100%        8
 Lehudib's Crystal Spear  Conj/Erth      3%         10d2      100%        8
 Animate Skeleton         Necr           Unusable   N/A       N/A         1
 Summon Small Mammal      Summ           Unusable   N/A       N/A         1
 Call Imp                 Summ           Unusable   N/A       N/A         2
 Summon Forest            Summ/Tloc      Unusable   N/A       N/A         5
 Death Channel            Necr           Unusable   N/A       N/A         6
 Simulacrum               Ice/Necr       Unusable   N/A       N/A         6
 Summon Cactus Giant      Summ           Unusable   N/A       N/A         6
 Summon Hydra             Summ           Unusable   N/A       N/A         7
 Dragon's Call            Summ           Unusable   N/A       N/A         9

Dungeon Overview and Level Annotations

Branches:
Dungeon (15/15)            Temple (1/1) D:6            Lair (6/6) D:10
  Swamp (4/4) Lair:4       Spider (4/4) Lair:3        Slime (0/5) Lair:6
    Orc (2/2) D:10            Elf (0/3) Orc:2        Vaults (5/5) D:13
  Crypt (0/3) Vaults:2     Depths (2/4) D:15          Sewer (visited)
Ossuary (visited)           IceCv (visited)         Gauntlet (visited)

Altars:
Ashenzari
Dithmenos
Elyvilon
Fedhas
Gozag
Hepliaklqana
Kikubaaqudgha
Makhleb
Nemelex Xobeh
Okawaru
Qazlal
Ru
Sif Muna
Trog
Uskayaw
Vehumet
Wu Jian
Xom
Zin
The Shining One
Lugonu

Shops:
D:4 (   D:5 (   Orc:2 ?*[!:   Vaults:4 [   Depths:2 =::

Portals:
Hell: Depths:1 Depths:2
Abyss: D:3 Lair:6 Depths:1
Ziggurat: Depths:2

Annotations:
Abyss:1 Sojobo, Urug


Innate Abilities, Weirdness & Mutations

You have a pair of large antennae on your head. (SInv)
You are completely covered in sharp spines.
When hurt, damage is shared between your health and your magic reserves.
You regenerate magic rapidly.
When low on magic, you restore magic in place of health.
You are completely covered in razor-sharp scales. (AC +3, Slay +3)
Your hexes are more powerful.


Message History

The vault guard hits you but does no damage.
A tentacled monstrosity comes into view.
The stone giant is struck by your spines.
The stone giant hits you but does no damage.
The war gargoyle is struck by your spines.
The war gargoyle hits you but does no damage.
A titan comes into view.
The vault sentinel blows a loud note on a signal horn!
The ancient lich touches you but does no damage.
The tentacled monstrosity tentacle-slaps you but does no damage. x2
The tentacled monstrosity tentacle-slaps you.
The sphinx hits you but does no damage. x3
The ironbound preserver hits you but does no damage.
You feel drained. The titan hits you!
The war gargoyle hits you but does no damage.
The stone giant is struck by your spines.
The stone giant hits you but does no damage.
The vault guard hits you but does no damage.
A stone giant comes into view.
The ancient lich completely misses you. The sphinx hits you.
The sphinx hits you but does no damage. x2
The war gargoyle hits you with a +0 flail!
The golden dragon bites you but does no damage.
The golden dragon claws you but does no damage.
The golden dragon tramples you but does no damage.
The tentacled monstrosity tentacle-slaps you but does no damage.
The tentacled monstrosity tentacle-slaps you.
The tentacled monstrosity completely misses you.
The vault sentinel blows a loud note on a signal horn!
The ironbound preserver hits you but does no damage.
You feel drained. The titan hits you but does no damage.
The ancient lich touches you but does no damage.
The stone giant hits you!!
The vault guard hits you but does no damage.
The war gargoyle hits you with a +0 flail!
The sphinx barely misses you.
The sphinx hits you but does no damage. x2
The ancient lich casts a spell at you. The crystal spear hits you!!!!
Ouch! That really hurt!
You die...

##.......#...
............
###........C####
................
.......<<.......
....CX<[[<..X...
......DpCQ......
####.opLXQ[.####
.....CC@HCc.....
.#.#p#DC9p#.....
..C{#.pp.#.....
#. {#.C..# ..##
# {#c.C.# ##
#....# #...^# {
#....# { #....#


You could see 3 tentacled monstrosities, an ironbound preserver, 3 titans, a
golden dragon, an ancient lich (fast, invisible), a storm dragon, a frost giant,
a fire giant, a sphinx, 4 stone giants, a vault warden, 2 tengu reavers, 2
yaktaur captains, a vault guard, an orc knight, a war gargoyle, 2 vault
sentinels and an ironbound convoker.

Vanquished Creatures
  An ancient lich (Abyss:2)
  Bai Suzhen (Vaults:3)
  The ghost of jlumianski the Warrior, a veteran KoBe of Trog (Vaults:2)
  The ghost of agentgt the Warrior, a veteran KoAK of Lugonu (Vaults:2)
  A profane servitor (Abyss:2)
  2 bone dragons
  Rupert (Spider:1)
  2 tentacled monstrosities (Abyss:3)
  Mlioglotl (Swamp:3)
  4 liches
  A deep elf master archer (Depths:2)
  A quicksilver dragon (Vaults:4)
  A thorn hunter (Swamp:4)
  4 sphinxes
  A kraken (Abyss:3)
  Frances (Swamp:2)
  A tentacled starspawn (Abyss:2)
  Kirke (D:15)
  2 storm dragons
  A shadow dragon (Vaults:4)
  2 tengu reavers (Vaults:3)
  A fenstrider witch (Swamp:3)
  A revenant (Vaults:2)
  3 frost giants
  2 fire giants (Vaults:4)
  2 deep elf sorcerers (Vaults:2)
  An orc warlord (Vaults:3)
  3 ghost moths
  A balrug (Abyss:3)
  8 vault wardens
  4 emperor scorpions
  2 ghouls (Swamp:2)
  2 war gargoyles
  17 ironbound preservers
  A quicksilver ooze (shapeshifter) (Vaults:2)
  5 stone giants
  10 very ugly things
  6 ironbound thunderhulks
  5 broodmothers
  A vampire knight (Vaults:2)
  5 eleionomae
  10 dire elephants
  A purple draconian (Vaults:2)
  A red draconian (Vaults:2)
  6 spark wasps
  A deep elf annihilator (Vaults:4)
  9 entropy weavers
  A minotaur (Gauntlet)
  3 bunyips
  A crystal guardian (Vaults:2)
  A deep elf death mage (Vaults:4)
  Josephine (Lair:6)
  6 fire dragons
  An eidolon (Vaults:2)
  A shambling mangrove (Abyss:3)
  3 ettins (Depths:1)
  A great orb of eyes (Abyss:2)
  6 yaktaur captains
  2 jiangshi (Depths:1)
  27 vault guards
  A rakshasa (Depths:1)
  A peacekeeper (Vaults:2)
  16 hydras
  5 ironbound frosthearts
  A radroach (Spider:4)
  12 boulder beetles
  2 jorogumos
  6 ogre magi
  12 alligators
  3 death knights
  2 catoblepae (D:13)
  3 ghost crabs
  10 centaur warriors
  23 two-headed ogres
  2 vampire magi
  A deep troll shaman (Depths:1)
  A death scarab (Spider:3)
  7 deep troll earth magi
  3 tengu warriors
  2 spriggan berserkers (Depths:1)
  A sun demon (Vaults:2)
  15 death yaks
  5 thrashing horrors
  A soul eater (Gauntlet)
  2 fire crabs (Swamp:4)
  A hell knight (Vaults:2)
  A shadow wraith (Vaults:2)
  4 wretched stars
  7 iron trolls
  3 pharaoh ants
  3 sun moths (Spider:4)
  The ghost of OhItsWolfy the Stickfighter, a novice MiGl of Okawaru (D:7)
  A spatial maelstrom (Abyss:2)
  A storm dragon skeleton (Abyss:2)
  51 deep trolls
  4 goliath frogs
  A steelbarb worm (shapeshifter) (Vaults:2)
  A spriggan druid (Swamp:4)
  11 orb spiders
  9 bog bodies
  5 skeletal warriors
  3 glowing orange brains
  7 steelbarb worms
  3 swamp dragons
  A harpy (shapeshifter) (Lair:6)
  2 phantasmal warriors (Vaults:4)
  2 deep elf zephyrmancers
  13 ironbound convokers
  8 orc knights
  14 wizards
  12 harpies
  2 deep elf pyromancers
  10 lindwurms
  2 necromancers
  3 manticores
  5 spectral spriggans (Swamp:2)
  An orc sorcerer (Orc:2)
  6 cyclopes
  9 will-o-the-wisps
  37 ugly things
  19 wolf spiders
  A guardian serpent (Abyss:3)
  5 black mambas
  3 moths of wrath
  Joseph (D:8)
  3 apocalypse crabs
  8 elephants
  2 ice statues
  A naga mage (D:15)
  13 vault sentinels
  6 centaur zombies
  6 torpor snails
  17 cane toads
  3 gargoyles
  An orange demon (Abyss:2)
  2 smoke demons
  16 demonic crawlers
  An unseen horror (D:12)
  7 freezing wraiths
  2 efreet
  4 rime drakes
  A tormentor (Depths:2)
  10 komodo dragons
  33 starcursed masses
  2 tengu conjurers
  6 ancient zymes
  23 yaktaurs
  18 meliai
  17 polar bears
  4 bloated husks
  A troll (shapeshifter) (D:13)
  A queen bee (D:14)
  9 trolls
  24 tarantellas
  4 tyrant leeches
  7 hornets
  4 raiju (Abyss:2)
  26 slime creatures
  32 blink frogs
  A jumping spider (shapeshifter) (D:14)
  28 jumping spiders
  27 culicivoras
  A shadow (D:9)
  3 ynoxinuls
  6 spriggans
  A centaur simulacrum (D:13)
  5 wyverns
  9 large abominations
  2 vampires
  9 wraiths
  4 fire bats (Swamp:4)
  57 yaks
  13 basilisks
  5 chaos spawn
  10 vampire mosquitoes
  2 hogs (D:15)
  2 neqoxecs (Abyss:2)
  3 humans (D:15)
  Grum (Lair:1)
  46 redbacks
  4 steam dragons
  5 wargs
  18 swamp worms
  An acid dragon (D:9)
  15 water moccasins
  7 swamp drakes
  A hornet zombie (D:15)
  5 ice beasts
  A sky beast (D:4)
  13 orc warriors
  A meliai simulacrum (D:15)
  An ice beast (shapeshifter) (Vaults:2)
  6 black bears
  41 wolves
  A boggart (Vaults:1)
  31 ogres
  22 centaurs
  An elf zombie (Ossuary)
  2 kobold brigands
  16 bullfrogs
  12 small abominations
  A gnoll sergeant (D:9)
  A scorpion (D:5)
  A wyvern zombie (D:7)
  A water moccasin skeleton (D:4)
  32 killer bees
  2 electric eels
  6 wights
  3 howler monkeys
  A crimson imp (D:9)
  A quasit (Abyss:2)
  2 human zombies (Ossuary)
  2 iron imps
  A centaur skeleton (D:7)
  A hound (D:6)
  13 jellies (Lair:6)
  13 orc priests
  A bullfrog skeleton (D:5)
  A gnoll shaman (D:9)
  Natasha (thrice) (D:2)
  4 iguanas
  20 orc wizards
  A hell rat (Lair:2)
  A scorpion zombie (D:5)
  2 killer bee zombies
  A hound skeleton (D:4)
  2 mummies (Ossuary)
  9 adders
  10 gnolls (D:9)
  2 howler monkey skeletons
  6 shadow imps
  4 white imps
  4 ufetubi
  An adder zombie (Ossuary)
  4 worms
  A dart slug (D:1)
  56 orcs
  3 endoplasms
  4 giant cockroaches
  3 goblins
  7 hobgoblins
  8 jackals
  14 kobolds
  7 quokkas
  10 ball pythons
  9 bats
  5 frilled lizards
  A goblin zombie (Ossuary)
  12 hobgoblin zombies (Ossuary)
  5 jackal zombies (Ossuary)
  6 kobold zombies (Ossuary)
  8 orc zombies (Ossuary)
  4 rats
  A rat zombie (Ossuary)
  3 tentacles (Abyss:3)
1680 creatures vanquished.

Vanquished Creatures (others)
  An entropy weaver (Spider:3)
  2 wizards
  A bloated husk (Swamp:2)
  2 steam dragons (Swamp:4)
  4 swamp drakes (Swamp:4)
  A wolf (IceCv)
  A small abomination (Vaults:2)
  A jelly (D:7)
  A briar patch (Swamp:4)
  48 foxfires
  17 fungi
  A lurking horror (D:3)
  31 plants
  4 starspawn tentacles (Abyss:2)
  9 tentacles (Abyss:3)
  4 toadstools (D:1)
128 creatures vanquished.

Grand Total: 1808 creatures vanquished

Notes
Turn   | Place    | Note
-------+----------+-------------------------------------------
     0 | D:1      | Sin92 the Demonspawn Fighter began the quest for the Orb.
     0 | D:1      | Reached XP level 1. HP: 18/18 MP: 1/1
    14 | D:1      | Reached skill level 2 in Polearms
   215 | D:1      | Gained mutation: You regenerate magic rapidly. [demonic
                  | ancestry]
   215 | D:1      | Reached XP level 2. HP: 24/24 MP: 2/2
   563 | D:1      | Reached XP level 3. HP: 29/29 MP: 3/3
   924 | D:1      | Identified a scroll of acquirement
   924 | D:1      | Acquired a manual of Polearms
   962 | D:2      | Noticed Natasha
   972 | D:2      | Killed Natasha
   973 | D:2      | Reached skill level 3 in Polearms
  1131 | D:2      | Reached XP level 4. HP: 35/35 MP: 4/4
  1485 | D:2      | Noticed Natasha
  1494 | D:2      | Killed Natasha
  2454 | D:2      | Noticed Natasha
  2464 | D:2      | Killed Natasha
  2465 | D:2      | Reached skill level 4 in Polearms
  2465 | D:2      | Gained mutation: You are partially covered in razor-sharp
                  | scales. (AC +1, Slay +1) [demonic ancestry]
  2465 | D:2      | Reached XP level 5. HP: 38/42 MP: 5/5
  2784 | D:3      | Found a glowing drain.
  2788 | Sewer    | Entered a sewer
  2818 | Sewer    | Noticed a water moccasin
  2827 | Sewer    | Killed a water moccasin
  2828 | Sewer    | Reached skill level 5 in Polearms
  2828 | Sewer    | Gained mutation: You are partially covered in sharp spines.
                  | [demonic ancestry]
  2828 | Sewer    | Reached XP level 6. HP: 48/48 MP: 6/6
  3351 | D:3      | Found a faded altar of an unknown god.
  3549 | D:3      | Found a corrupted altar of Lugonu.
  3673 | D:3      | Found a one-way gate to the infinite horrors of the Abyss.
  3979 | D:4      | Found Diutyn's Weapon Shop.
  4374 | D:4      | Identified the ring "Qoraryr" {rF+ Int+4 SInv}
  4581 | D:4      | Noticed a sky beast
  4589 | D:4      | Killed a sky beast
  4590 | D:4      | Reached skill level 6 in Polearms
  4590 | D:4      | Reached XP level 7. HP: 55/55 MP: 7/7
  4862 | D:5      | Entered Level 5 of the Dungeon
  5191 | D:5      | Reached skill level 7 in Polearms
  5688 | D:5      | Reached skill level 5 in Fighting
  5688 | D:5      | Gained mutation: You are mostly covered in sharp spines.
                  | [demonic ancestry]
  5688 | D:5      | Reached XP level 8. HP: 62/62 MP: 8/8
  5889 | D:5      | Found Aney's Weapon Emporium.
  6400 | D:6      | Reached skill level 8 in Polearms
  6486 | D:6      | Found a staircase to the Ecumenical Temple.
  6497 | Temple   | Entered the Ecumenical Temple
  6553 | Temple   | Became a worshipper of Warmaster Okawaru
  6746 | D:6      | Reached skill level 5 in Armour
  6746 | D:6      | Reached skill level 5 in Shields
  6753 | D:6      | HP: 1/63 [orc priest/divine providence (12)]
  6789 | D:6      | HP: 2/63 [orc priest/+0 mace (2)]
  7238 | D:6      | Reached skill level 9 in Polearms
  7651 | D:7      | Reached * piety under Okawaru
  7652 | D:7      | Reached skill level 1 in Dodging
  7916 | D:7      | Noticed a troll
  7916 | D:7      | Noticed OhItsWolfy's ghost (novice MiGl)
  7918 | D:7      | Found a transporter.
  7924 | D:7      | Found a transporter.
  8129 | D:7      | Reached XP level 9. HP: 44/69 MP: 9/9
  8586 | D:8      | Found a sand-covered staircase.
  8591 | Ossuary  | Entered an ossuary
  9023 | D:8      | Noticed Joseph
  9035 | D:8      | Reached skill level 10 in Polearms
  9048 | D:8      | Killed Joseph
  9048 | D:8      | Reached ** piety under Okawaru
  9865 | D:8      | Acquired a +3 demon trident of electrocution
  9867 | D:8      | Acquired 414 gold pieces
  9869 | D:8      | Acquired a manual of Dodging
  9918 | D:9      | Reached skill level 11 in Polearms
 10124 | D:9      | Noticed a troll
 10128 | D:9      | Killed a troll
 10143 | D:9      | Gained mutation: When hurt, damage is shared between your
                  | health and your magic reserves. [demonic ancestry]
 10143 | D:9      | Reached XP level 10. HP: 61/77 MP: 10/10
 10388 | D:9      | Reached *** piety under Okawaru
 10546 | D:9      | Noticed a deep elf pyromancer
 10555 | D:9      | Killed a deep elf pyromancer
 10556 | D:9      | Reached skill level 12 in Polearms
 10617 | D:9      | Noticed a deep elf zephyrmancer
 10622 | D:9      | Killed a deep elf zephyrmancer
 10623 | D:9      | Reached skill level 5 in Dodging
 10875 | D:10     | Entered Level 10 of the Dungeon
 11165 | D:10     | Found a staircase to the Lair.
 11191 | D:10     | Reached **** piety under Okawaru
 11231 | D:10     | Noticed a two-headed ogre
 11247 | D:10     | Killed a two-headed ogre
 11431 | D:10     | Reached skill level 13 in Polearms
 11443 | D:10     | Noticed a boulder beetle
 11454 | D:10     | Killed a boulder beetle
 11454 | D:10     | Reached ***** piety under Okawaru
 11455 | D:10     | Reached XP level 11. HP: 56/86 MP: 6/11
 11465 | D:10     | Found a staircase to the Orcish Mines.
 11971 | D:11     | Found a gate leading to a gauntlet.
 11975 | Gauntlet | Entered a Gauntlet
 11975 | Gauntlet | Noticed a soul eater
 11975 | Gauntlet | Found a transporter.
 11975 | Gauntlet | Found a transporter.
 11975 | Gauntlet | Found a transporter.
 11976 | Gauntlet | Found a transporter.
 11978 | Gauntlet | Found a transporter.
 11980 | Gauntlet | Found a transporter.
 11984 | Gauntlet | Noticed a tengu warrior
 11988 | Gauntlet | Found a transporter.
 11989 | Gauntlet | Found a transporter.
 11990 | Gauntlet | Found a transporter.
 11991 | Gauntlet | Found a transporter.
 11995 | Gauntlet | Noticed a catoblepas
 11995 | Gauntlet | Noticed a ghost crab
 11999 | Gauntlet | Found a transporter.
 12003 | Gauntlet | Found a transporter.
 12294 | Gauntlet | Killed a soul eater
 12380 | Gauntlet | Identified the -5 hat "Nakhliob" {rCorr Stlth+}
 12413 | Gauntlet | Noticed a minotaur
 12424 | Gauntlet | Killed a minotaur
 12424 | Gauntlet | Received a gift from Okawaru
 12616 | D:11     | Noticed a boulder beetle
 12639 | D:11     | Killed a boulder beetle
 12724 | D:11     | Noticed a two-headed ogre
 12732 | D:11     | Killed a two-headed ogre
 12734 | D:11     | Noticed a skeletal warrior
 12739 | D:11     | Noticed a centaur warrior
 12742 | D:11     | Noticed a death knight
 12747 | D:11     | Killed a centaur warrior
 12783 | D:11     | Noticed a two-headed ogre
 12787 | D:11     | Noticed a tengu warrior
 12792 | D:11     | Identified the +0 leather armour of Beacu {rN+}
 12884 | D:11     | Reached skill level 14 in Polearms
 12896 | D:10     | Gained mutation: You are completely covered in sharp
                  | spines. [demonic ancestry]
 12896 | D:10     | Reached XP level 12. HP: 60/94 MP: 9/12
 12904 | D:10     | Killed a two-headed ogre
 12989 | Lair:1   | Entered Level 1 of the Lair of Beasts
 13168 | Lair:1   | Received a gift from Okawaru
 13300 | Lair:1   | Noticed a seven-headed hydra
 13306 | Lair:1   | Killed a seven-headed hydra
 13307 | Lair:1   | Reached skill level 1 in Stealth
 13307 | Lair:1   | Reached skill level 1 in Invocations
 13485 | Lair:1   | Noticed Grum
 13488 | Lair:1   | Killed Grum
 13867 | Lair:2   | Noticed a death yak
 13868 | Lair:2   | Noticed a death yak
 13869 | Lair:2   | Noticed a death yak
 13884 | Lair:2   | Killed a death yak
 13892 | Lair:2   | Killed a death yak
 13914 | Lair:1   | Killed a death yak
 13914 | Lair:1   | Reached ****** piety under Okawaru
 14000 | Lair:2   | Noticed a death yak
 14001 | Lair:2   | Noticed a death yak
 14003 | Lair:2   | Noticed a death yak
 14019 | Lair:2   | Noticed a death yak
 14020 | Lair:2   | Noticed a death yak
 14028 | Lair:2   | Killed a death yak
 14038 | Lair:2   | Killed a death yak
 14050 | Lair:2   | Noticed a death yak
 14063 | Lair:2   | Killed a death yak
 14070 | Lair:2   | Killed a death yak
 14080 | Lair:2   | Killed a death yak
 14080 | Lair:2   | Received a gift from Okawaru
 14080 | Lair:2   | Found the +8 demon trident "Rift" {distort, reach+}
 14087 | Lair:2   | Reached XP level 13. HP: 30/102 MP: 4/15
 14285 | Lair:2   | Reached skill level 15 in Polearms
 14570 | Lair:2   | Reached skill level 10 in Dodging
 14801 | Lair:2   | Reached skill level 10 in Fighting
 15273 | Lair:3   | Found a hole to the Spider Nest.
 15279 | Lair:3   | Identified the +2 cloak of Autumn {Will- Regen+ Stlth+}
                  | (Okawaru gifted it to you on level 3 of the Lair of Beasts)
 15279 | Lair:3   | Received a gift from Okawaru
 15363 | Lair:3   | Noticed Urug
 15374 | Lair:3   | Banished Urug
 15401 | Lair:3   | Reached skill level 5 in Invocations
 15539 | Lair:3   | Found a hide-covered altar of Uskayaw.
 15539 | Lair:3   | Found an ornate altar of the Wu Jian Council.
 16493 | Lair:4   | Found a staircase to the Swamp.
 16601 | Lair:4   | Reached XP level 14. HP: 111/111 MP: 18/18
 17230 | Lair:5   | Reached skill level 5 in Stealth
 17833 | Lair:6   | Entered Level 6 of the Lair of Beasts
 18058 | Lair:6   | Identified the +0 hat of Melancholy {rN+ Int+2 Stlth-}
                  | (Okawaru gifted it to you on level 6 of the Lair of Beasts)
 18058 | Lair:6   | Received a gift from Okawaru
 18103 | Lair:6   | Reached skill level 16 in Polearms
 18187 | Lair:6   | Reached skill level 10 in Armour
 18321 | Lair:6   | Found a corrupted altar of Lugonu.
 18482 | Lair:6   | Identified the +1 scale mail of the Bulwark {Dex+3}
 18546 | Lair:6   | Reached skill level 10 in Shields
 18546 | Lair:6   | Gained mutation: You have a pair of small antennae on your
                  | head. [demonic ancestry]
 18546 | Lair:6   | Reached XP level 15. HP: 119/119 MP: 20/20
 18681 | Lair:6   | Found a staircase to the Slime Pits.
 18714 | Lair:6   | Noticed Josephine
 18749 | Lair:6   | Killed Josephine
 19297 | Orc:1    | Entered Level 1 of the Orcish Mines
 19600 | Orc:2    | Entered Level 2 of the Orcish Mines
 19768 | Orc:2    | Found Kekhlon's Book Emporium.
 19866 | Orc:2    | Identified the +1 ring mail of Sophism {*Slow rElec rC+
                  | Dex+3} (Okawaru gifted it to you on level 2 of the Orcish
                  | Mines)
 19866 | Orc:2    | Received a gift from Okawaru
 19873 | Orc:2    | Found a staircase to the Elven Halls.
 20202 | Orc:2    | Reached XP level 16. HP: 124/126 MP: 20/22
 20307 | Orc:2    | Reached skill level 17 in Polearms
 20314 | Orc:2    | Found Xiuwk's Magic Scroll Shoppe.
 20314 | Orc:2    | Found Jeoluobe's Armour Boutique.
 20315 | Orc:2    | Found Keanemm's Assorted Antiques.
 20315 | Orc:2    | Found Taufofal's Distillery.
 20334 | Orc:2    | Bought a pair of embroidered gloves for 277 gold pieces
 20664 | Swamp:1  | Entered Level 1 of the Swamp
 21187 | Swamp:1  | Received a gift from Okawaru
 21394 | Swamp:2  | Noticed Frances
 21416 | Swamp:2  | Killed Frances
 21621 | Swamp:2  | Received a gift from Okawaru
 22379 | Swamp:2  | Identified the +4 chain mail of Egreges {rF+ Stlth+}
 22515 | Swamp:3  | Paralysed by a fenstrider witch for 5 turns
 22531 | Swamp:3  | Reached skill level 10 in Invocations
 22947 | Swamp:3  | Gained mutation: You are mostly covered in razor-sharp
                  | scales. (AC +2, Slay +2) [demonic ancestry]
 22947 | Swamp:3  | Reached XP level 17. HP: 130/133 MP: 22/24
 23163 | Swamp:4  | Entered Level 4 of the Swamp
 23389 | Swamp:4  | Noticed Mlioglotl
 23514 | Swamp:3  | Killed Mlioglotl
 23514 | Swamp:3  | Identified the +1 robe "Ysog" {rF+ Slay+3} (Okawaru gifted
                  | it to you on level 3 of the Swamp)
 23514 | Swamp:3  | Received a gift from Okawaru
 23976 | Swamp:4  | Reached skill level 18 in Polearms
 24022 | Swamp:4  | Got a decaying rune of Zot
 24210 | Spider:1 | Entered Level 1 of the Spider Nest
 24739 | D:11     | Got the Reference Book on Scorching Damage Dealing
 24742 | D:11     | Acquired the +6 demon trident of Grace {pain, rC- rN+
                  | Stlth+}
 25826 | D:13     | Found a frozen archway.
 25861 | IceCv    | Entered an ice cave
 26089 | IceCv    | Identified the +5 demon trident of Sophism {vamp, rN+
                  | Dex+4} (Okawaru gifted it to you in an ice cave)
 26089 | IceCv    | Received a gift from Okawaru
 26093 | IceCv    | HP: 1/135 [frost giant/bolt of cold (34)]
 26921 | D:13     | Found a gate to the Vaults.
 27255 | D:13     | Received a gift from Okawaru
 27560 | Spider:1 | Gained mutation: When low on magic, you restore magic in
                  | place of health. [demonic ancestry]
 27560 | Spider:1 | Reached XP level 18. HP: 143/143 MP: 22/25
 27667 | Spider:1 | Paralysed by a jorogumo for 1 turns
 27966 | Spider:1 | Noticed Rupert
 27994 | Spider:1 | Killed Rupert
 28272 | Spider:2 | Received a gift from Okawaru
 28495 | Spider:2 | Identified the +2 pair of gloves "Weqiel" {rElec rPois
                  | Int+3} (Okawaru gifted it to you on level 2 of the Spider
                  | Nest)
 28495 | Spider:2 | Received a gift from Okawaru
 28622 | Spider:2 | Got Hiheig's Papyrus of Flamy Shape Shifting
 29055 | Spider:2 | Reached skill level 19 in Polearms
 29134 | Spider:3 | Reached skill level 10 in Stealth
 29182 | Spider:3 | Paralysed by a jorogumo for 3 turns
 29490 | D:7      | Killed OhItsWolfy's ghost
 29675 | Orc:2    | Bought a potion of might for 60 gold pieces
 29675 | Orc:2    | Bought 2 potions of might for 120 gold pieces
 29675 | Orc:2    | Bought a potion of heal wounds for 75 gold pieces
 29675 | Orc:2    | Bought a potion of heal wounds for 75 gold pieces
 29676 | Orc:2    | Bought a scroll of enchant weapon for 277 gold pieces
 29677 | Orc:2    | Bought a scroll of brand weapon for 260 gold pieces
 29677 | Orc:2    | Bought a scroll of teleportation for 39 gold pieces
 29677 | Orc:2    | Bought a scroll of teleportation for 39 gold pieces
 29677 | Orc:2    | Bought a scroll of teleportation for 39 gold pieces
 29677 | Orc:2    | Bought a scroll of enchant weapon for 97 gold pieces
 30203 | Spider:4 | Entered Level 4 of the Spider Nest
 30749 | Spider:4 | HP: 6/145 [meliai/divine providence (12)]
 30754 | Spider:4 | Received a gift from Okawaru
 30868 | Spider:4 | Reached XP level 19. HP: 152/152 MP: 26/26
 31396 | Spider:4 | Got a gossamer rune of Zot
 32637 | D:15     | Entered Level 15 of the Dungeon
 32682 | D:15     | Noticed Kirke
 32694 | D:15     | Killed Kirke
 32908 | D:15     | Found a staircase to the Depths.
 33250 | Depths:1 | Entered Level 1 of the Depths
 33284 | Depths:1 | Found a shimmering altar of Xom.
 33447 | Depths:1 | Received a gift from Okawaru
 33737 | Vaults:1 | Entered Level 1 of the Vaults
 33826 | Vaults:1 | Cast into level 2 of the Abyss (a wizard)
 33849 | Abyss:2  | Noticed a bone dragon
 33862 | Abyss:2  | Paralysed by accursed screaming for 1 turns
 33875 | Abyss:2  | Noticed an ancient lich
 33877 | Abyss:2  | Killed a bone dragon
 33899 | Abyss:2  | Killed an ancient lich
 34025 | Abyss:2  | Noticed a profane servitor
 34055 | Abyss:2  | Killed a profane servitor
 34150 | Abyss:2  | Noticed a bone dragon
 34184 | Vaults:1 | Escaped the Abyss
 34244 | Vaults:1 | You fall into a shaft and drop 1 floor!
 34640 | Vaults:1 | Reached skill level 20 in Polearms
 34867 | Vaults:1 | Received a gift from Okawaru
 35169 | Vaults:1 | Identified the +7 spear of Fumot {vorpal, rN+ Will+}
                  | (Okawaru gifted it to you on level 1 of the Vaults)
 35169 | Vaults:1 | Received a gift from Okawaru
 35366 | Vaults:1 | Reached skill level 15 in Dodging
 35387 | Vaults:1 | Gained mutation: You are completely covered in razor-sharp
                  | scales. (AC +3, Slay +3) [demonic ancestry]
 35387 | Vaults:1 | Reached XP level 20. HP: 132/160 MP: 23/27
 35755 | Vaults:2 | Acquired the +8 crystal plate armour of the Ward {+Inv rC+
                  | Regen+}
 36084 | Vaults:2 | Reached skill level 15 in Fighting
 36109 | Vaults:2 | Cast into level 2 of the Abyss (a deep elf sorcerer)
 36142 | Abyss:2  | Noticed a profane servitor
 36154 | Abyss:2  | Banished a profane servitor
 36307 | Abyss:2  | Paralysed by a great orb of eyes for 4 turns
 36426 | Vaults:2 | Escaped the Abyss
 36630 | Vaults:2 | Identified the +6 broad axe "Xutrank" {drain, rC+ Int+6
                  | Dex-3}
 36639 | Vaults:2 | Identified the +1 pair of gloves of Repulsion {Regen+ SInv}
                  | (Okawaru gifted it to you on level 2 of the Vaults)
 36639 | Vaults:2 | Received a gift from Okawaru
 37259 | Vaults:2 | Noticed an ancient lich
 37260 | Vaults:2 | Found a runed translucent gate.
 37260 | Vaults:2 | Found a runed translucent gate.
 37260 | Vaults:2 | Found an ancient bone altar of Kikubaaqudgha.
 37260 | Vaults:2 | Found a runed translucent gate.
 37260 | Vaults:2 | Noticed jlumianski's ghost (veteran KoBe)
 37260 | Vaults:2 | Noticed agentgt's ghost (veteran KoAK)
 37349 | Vaults:2 | Cast into level 2 of the Abyss (a deep elf sorcerer)
 37382 | Abyss:3  | Found a snail-covered altar of Cheibriados.
 37586 | Abyss:3  | Gained mutation: You have a pair of antennae on your head.
                  | [demonic ancestry]
 37586 | Abyss:3  | Reached XP level 21. HP: 169/169 MP: 28/28
 37586 | Abyss:3  | Gained mutation: Your hexes are more powerful. [demonic
                  | ancestry]
 37586 | Abyss:3  | Reached XP level 22. HP: 176/176 MP: 29/29
 37586 | Abyss:3  | Got an abyssal rune of Zot
 37623 | Vaults:2 | Escaped the Abyss
 37652 | Vaults:2 | Reached skill level 1 in Spellcasting
 37726 | Vaults:2 | Got Kiuruth's Further Steps in Thaumaturgy
 37730 | Vaults:2 | Learned a level 2 spell: Blink
 38040 | Vaults:2 | Found a staircase to the Crypt.
 38166 | Vaults:2 | Banished an ancient lich
 38167 | Vaults:2 | Reached skill level 1 in Translocations
 38217 | Vaults:2 | Killed agentgt's ghost
 38219 | Vaults:2 | Killed jlumianski's ghost
 38227 | Vaults:2 | Identified the +2 cloak of Bitterness {Harm rElec}
 38238 | Vaults:2 | Identified the amulet "Otulafeg" {Reflect rPois Regen+
                  | Int+5 SH+5}
 38258 | Vaults:2 | Got Kikubaaqudgha's Volume of Darkness
 38323 | Vaults:2 | Learned a level 4 spell: Cause Fear
 38343 | Vaults:3 | Reached skill level 15 in Armour
 38441 | Vaults:3 | Reached skill level 1 in Hexes
 38764 | Vaults:3 | Identified the +1 pair of gloves of Okawaru's Favour {rF+
                  | Slay+2} (Okawaru gifted it to you on level 3 of the Vaults)
 38764 | Vaults:3 | Received a gift from Okawaru
 38869 | Vaults:3 | Gained mutation: You have a pair of large antennae on your
                  | head. (SInv) [demonic ancestry]
 38869 | Vaults:3 | Reached XP level 23. HP: 115/183 MP: 28/30
 39248 | Vaults:3 | Noticed Sojobo
 39257 | Vaults:3 | Banished Sojobo
 39258 | Vaults:3 | Reached skill level 21 in Polearms
 39884 | Vaults:3 | Noticed Bai Suzhen
 39910 | Vaults:3 | Killed Bai Suzhen
 40694 | Vaults:4 | Found Eradum's Antique Armour Shop.
 40712 | Vaults:4 | Cast into level 2 of the Abyss (a wizard)
 40823 | Abyss:2  | Found a corrupted altar of Lugonu.
 40912 | Vaults:4 | Escaped the Abyss
 41336 | Vaults:5 | Entered Level 5 of the Vaults
 41348 | Vaults:5 | Reached skill level 5 in Spellcasting
 41359 | Vaults:5 | Received a gift from Okawaru
 41381 | Vaults:5 | Reached skill level 15 in Shields
 41423 | Vaults:4 | Reached skill level 5 in Hexes
 41783 | Depths:1 | Reached skill level 5 in Translocations
 42199 | Depths:1 | Found a gateway to Hell.
 42526 | Depths:2 | Found a one-way gateway to a ziggurat.
 42577 | Depths:2 | Found Fimyept's Jewellery Boutique.
 42577 | Depths:2 | Found Sidin's Book Shoppe.
 42578 | Depths:2 | Found Axearphe's Book Shoppe.
 42586 | Depths:2 | Bought the ring "Lereucea" {rCorr EV+4} for 826 gold pieces
 42590 | Depths:2 | Bought a manual of Shields for 880 gold pieces
 42623 | Depths:2 | Received a gift from Okawaru
 42976 | Depths:1 | Reached XP level 24. HP: 181/193 MP: 31/31
 43097 | Depths:2 | Identified the +5 longbow "Eviscerator" {venom, Int+5}
 43534 | Vaults:5 | Noticed an ancient lich
 43814 | Vaults:5 | Paralysed by a sphinx for 7 turns
 43820 | Vaults:5 | Killed from afar by an ancient lich

Illustrated notes

Levels and vault maps discovered:
D:1:      ldierk_walled_garden_2, layout_rooms, minmay_heptomino_o4
D:2:      layout_basic, patterned_corridor, uniq_natasha
D:3:      layout_loops_cross, hellmonk_ecumenical_altar_prayer_group,
          gup_sewer_entry_bowl, amcnicky_altar_lugonu_corruption
D:4:      layout_basic, mainiacjoe_overflow_cross_hatched, serial_corexii_hall,
          chequers_hall_statues_corner_a, chequers_hall_statues_y,
          chequers_hall_statues_corner_a, serial_shops, shop
D:5:      nicolae_cairo_tiling_large_dashed, layout_basic, serial_shops,
          nicolae_shop_bloodbath_and_beyond, water_boxes_lemuel
D:6:      layout_basic, minmay_temple_entry_antechambers
D:7:      cheibrodos_iron_armory, layout_loops_ring, nzn_ghost_randoct
D:8:      layout_basic, enter_ossuary_5, uniq_joseph
D:9:      layout_rooms, hangedman_minor_magic
D:10:     layout_loops_corners, david_lair_shrubbed,
          minmay_orc_entry_guard_dogs, kennysheep_flooded_box,
          nicolae_two_hexagons
D:11:     layout_basic, gauntlet_entry_generic,
          minmay_the_grid_square_5x5_3x3_mashed
          [minmay_the_grid_square_5x5_bracketed,
          minmay_the_grid_square_5x5_eight, minmay_the_grid_square_5x5_shrine2,
          minmay_the_grid_square_5x5_fat_x,
          minmay_the_grid_square_5x5_megaprize_crossed,
          minmay_the_grid_square_5x5_intrusive_squares,
          minmay_the_grid_square_5x5_minivault, minmay_the_grid_square_5x5_bite,
          minmay_the_grid_square_5x5_n_small]
D:12:     layout_loops_ring
D:13:     layout_roguey, david_vaults_5,
          portal_ice_cave_entry_animals_and_master, st_stairs_4,
          grunt_decor_resistance, minmay_bent
D:14:     layout_roguey, special_room [special_room_bee], wad_floor_pattern_1
D:15:     grunt_enter_depths_magical_seal, layout_gridville,
          nicolae_figureground_sparkle, uniq_kirke
Temple:   regret_index_temple_sigil_plot
Lair:1:   layout_chaotic_city, grunt_megastairs_1, uniq_grum
Lair:2:   nzn_winding_woodlands_three_and_one [nzn_winding_woodlands_5x15_cabin,
          nzn_winding_woodlands_5x15_jagged, nzn_winding_woodlands_5x15_pockets,
          nzn_winding_woodlands_center_triple_pond], layout_cave_pods,
          serial_bayou_shore_b, grunt_megastairs_5, serial_bayou_shore_b,
          lemuel_fruit_fields, lemuel_fruit_tree
Lair:3:   layout_loops_ring, hellmonk_spider_entry_life_and_decay, minivault_27,
          minivault_19, nzn_masters_of_martial_movement, uniq_urug
Lair:4:   layout_small_grid, skrybe_swamp_entry_bodies, minivault_23,
          infiniplex_staircase_pool_2, grunt_megastairs_3
Lair:5:   layout_hall_layers, small_statue_intersection, beast_lair_carwin_10,
          grunt_megastairs_2
Lair:6:   hellmonk_lair_end_abyssal_woods, layout_gridlike,
          minmay_slime_entry_jelly_boxes, st_stairs_5, ice2_lemuel,
          infiniplex_staircase_pool, uniq_josephine
Swamp:1:  layout_falls_marsh, evilmike_swamp_ruin_house_4
Swamp:2:  nicolae_swamp_flooded_prison, layout_basic_swamp, serial_swamp_ruin,
          evilmike_swamp_ruin_house_6, evilmike_swamp_ruin_house_1, uniq_frances
Swamp:3:  layout_falls_marsh, evilmike_swamp_ruin_house_2, swamp_pool1,
          nzn_swamp_dancing_lights
Swamp:4:  swamp_fiery, layout_basic_swamp, uniq_mlioglotl
Spider:1: layout_spider_delve, drop_trap, uniq_rupert
Spider:2: layout_spider_delve, worms_lemuel
Spider:3: layout_spider_delve, nicolae_spider_moth_buddies
Spider:4: hellmonk_spider_rune_endless_swarm
Orc:1:    layout_diamond_mine, uniq_harold
Orc:2:    st_orc_ogre_mass, layout_diamond_mine, serial_shops,
          nicolae_lakefront_shop, sword_in_stone
Vaults:1: v_alt_pattern_1, hangedman_vaults_capsules,
          nicolae_vaults_mini_display_case, nicolae_vaults_quadrants, v_misc_31,
          ontoclasm_vaults_spin, nicolae_vaults_shelves_hall, v_misc_29,
          nicolae_vaults_little_squares_5, grunt_vaults_hallway_short,
          dpeg_vaults_monster_box, layout_vaults_ring
Vaults:2: gammafunk_ghost_crypt, minmay_crypt_entry_simple_corners, v_rooms_5,
          st_greater_box_1, vaults_room_grid, nicolae_vaults_rhombus_6,
          nicolae_vaults_yaktaur_gun_rack, layout_vaults_omnigrid
Vaults:3: ontoclasm_vaults_misaligned, nicolae_vaults_ninety_degrees, v_misc_13,
          nicolae_vaults_network_quinsquares
          [nicolae_vaults_network_quincunx_subvault,
          nicolae_vaults_network_quincunx_subvault,
          nicolae_vaults_network_quincunx_subvault,
          nicolae_vaults_network_quincunx_subvault],
          nicolae_vaults_border_crossing, st_diamondy, grunt_vaults_twisty,
          v_misc_2, nicolae_vaults_network_s, vaults_dpeg_ring,
          layout_vaults_omnibox, uniq_bai_suzhen, uniq_sojobo
Vaults:4: hangedman_vaults_trim, nicolae_vaults_big_angled_halls,
          nicolae_vaults_network_square, nicolae_vaults_little_squares_6,
          v_pattern_4, hangedman_vaults_hat, st_lattice,
          hangedman_vaults_restitches, vaults_room_corners,
          vaults_room_semicircle, nicolae_vaults_rhombus_5,
          nicolae_vaults_specimen_jars, layout_vaults_omnicross, serial_shops,
          shop
Vaults:5: serial_shops
Depths:1: layout_small_grid, hangedman_tar_grid_catacomb,
          serial_co_window_serial, co_window_paths_b, co_window_corner_a,
          co_window_of_opportunity_a, co_window_corner_a, co_window_paths_a,
          co_window_corner_b, co_window_broadway_c, co_window_broadway_a,
          co_window_2corner, co_window_corner_ca, co_window_corner_b,
          glass_columns_b, glass_columns_a, glass_columns_a, glass_columns_b,
          abyss_entry, abandoned_shop, xom_teletrap_fun
Depths:2: grunt_double_whammy, layout_cave_shapes, enter_ziggurat_b, pan_entry,
          hell_entry, abyss_entry, serial_bayou_pond_d,
          beargit_elvish_explorers, minmay_shop_grove,
          infiniplex_staircase_zigzag_5

Skill      XL: |  1  2  3  4  5  6  7  8  9 10 11 12 13 14 15 16 17 18 19 20 21 22 23 24 |
---------------+-------------------------------------------------------------------------+-----
Polearms       | 2 3 4 5 6 7 9 11 13 14 15 16 17 18 19 20 21 | 21.4
Armour         | 3 4 5 6 7 8 9 10 11 12 13 14 15 16 | 16.9
Shields        | 3 4 5 6 7 8 9 10 11 12 13 14 15 | 15.5
Fighting       | 4 5 6 7 8 9 10 11 12 13 14 15 16 | 16.8
Dodging        | 1 4 6 8 9 11 12 13 14 15 | 15.0
Stealth        | 2 4 5 6 7 9 10 11 | 11.6
Invocations    | 3 6 7 8 10 | 10.2
Spellcasting   | 3 5 6 |  6.1
Translocations | 3 5 6 |  6.0
Hexes          | 2 5 6 |  6.2

Action                   |  1- 3 |  4- 6 |  7- 9 | 10-12 | 13-15 | 16-18 | 19-21 | 22-24 || total
-------------------------+-------+-------+-------+-------+-------+-------+-------+-------++-------
Melee: Trident           |   100 |   204 |   375 |       |       |       |       |       ||   679
       Demon trident     |       |       |    35 |   508 |   797 |  2121 |  1294 |  1424 ||  6179
Throw: Throwing net      |       |       |       |       |       |     1 |       |       ||     1
Invok: Heroism           |       |       |     1 |     2 |       |     1 |     2 |     2 ||     8
       Finesse           |       |       |       |     1 |       |     9 |     4 |     4 ||    18
  Use: Scroll            |     6 |     3 |    13 |    12 |     5 |    13 |    12 |     5 ||    69
       Potion            |       |     2 |     4 |     2 |     2 |    11 |     4 |    11 ||    36
 Stab: Distracted        |       |     1 |       |       |     4 |    13 |     6 |     2 ||    26
       Sleeping          |       |       |       |     1 |    18 |    24 |    26 |       ||    69
       Invisible         |       |       |       |       |       |     2 |     3 |     4 ||     9
       Paralysed         |       |       |       |       |       |       |     2 |       ||     2
Armor: Scale mail        |    36 |    54 |   107 |   122 |   110 |    49 |       |       ||   478
       Chain mail        |       |       |       |       |       |   842 |   375 |       ||  1217
       Crystal plate arm |       |       |       |       |       |       |   157 |   830 ||   987
Dodge: Dodged            |    42 |    57 |    74 |   135 |   164 |   700 |   351 |   362 ||  1885
Block: Buckler           |    19 |    39 |    38 |       |       |       |       |       ||    96
       Kite shield       |       |       |    68 |   200 |   269 |   331 |       |       ||   868
       Tower shield      |       |       |       |       |       |  1252 |  1107 |  1432 ||  3791
       Reflection        |       |       |       |       |       |       |       |    42 ||    42
